 Dungeon Crawl Stone Soup version 0.29-a0-25-g7f48f510a0 (webtiles) character file.

Game seed: 5938950459526977687

0 Bosse the Skirmisher (level 1, 0/18 HPs)
             Began as a Demonspawn Abyssal Knight on Jan 31, 2022.
             Was an Initiate of Lugonu.
             Slain by a jackal (2 damage)
             ... on level 1 of the Dungeon.
             The game lasted 00:00:21 (72 turns).

Bosse the Skirmisher (Demonspawn Abyssal Knight)      Turns: 72, Time: 00:00:23

Health: 0/18       AC:  3    Str: 13    XL:     1   Next: 8%
Magic:  2/2        EV: 11    Int: 11    God:    Lugonu [......]
Gold:   0          SH:  0    Dex: 13    Spells: 0/0 levels left

rFire   . . .      SeeInvis .   a - +1 mace
rCold   . . .      Faith    .   (no shield)
rNeg    . . .      Spirit   .   b - +0 leather armour
rPois   .          Reflect  .   (no helmet)
rElec   .          Harm     .   (no cloak)
rCorr   .          Rampage  .   (no gloves)
Will    .....                   (no boots)
Stlth   +.........              (no amulet)
HPRegen 0.06/turn               (no ring)
MPRegen 0.08/turn               (no ring)

@: no status effects
A: no striking features
a: Renounce Religion


You were on level 1 of the Dungeon.
You worshipped Lugonu.
Lugonu was noncommittal.
You visited 1 branch of the dungeon, and saw 1 of its levels.
You visited the Abyss 1 time.

Inventory:

Hand Weapons
 a - a +1 mace (weapon)
Armour
 b - a +0 leather armour (worn)


   Skills:
 - Level 3.0 Fighting
 + Level 1.8 Maces & Flails
 - Level 1.7 Armour
 - Level 0.8 Dodging
 - Level 2.4 Invocations


You couldn't memorise any spells.
You didn't know any spells.
Your spell library was empty.

Dungeon Overview and Level Annotations

Branches:
Dungeon (1/15)

Altars:


Message History

You kill the frilled lizard!
Lugonu accepts your kill.
You open the door.
There is an open door here.
A kobold comes into view. It is wielding a +0 short sword.
The kobold shouts!
The kobold throws a stone.
The stone hits you but does no damage.
A kobold is nearby!
The kobold throws a stone.
The stone hits you.
You see here a book of Blood.
A jackal comes into view.
The kobold throws a stone.
The stone hits you but does no damage.
The jackal barks!
A bat comes into view.
The kobold hits you with a +0 short sword.
You closely miss the kobold. The bat hits you but does no damage.
The kobold closely misses you. The jackal barely misses you.
You closely miss the jackal. The bat closely misses you. The jackal bites you.
The kobold closely misses you. The bat hits you but does no damage.
The jackal closely misses you.
You barely miss the jackal. The bat closely misses you.
The kobold hits you with a +0 short sword.
The jackal bites you but does no damage.
The bat hits you but does no damage.
The jackal bites you but does no damage.
The kobold hits you with a +0 short sword.
* * * LOW HITPOINT WARNING * * *
You are too injured to fight recklessly!
You are too injured to fight recklessly!
Unknown command.
You are too injured to fight recklessly!
You are too injured to fight recklessly!
You are too injured to fight recklessly!
You hit the kobold.
You kill the kobold!
Lugonu accepts your kill. The bat misses you. The bat hits you.
* * * LOW HITPOINT WARNING * * *
The jackal bites you.
You die...

#.##### .#
#.....# .#
#####.##.###.#
##..#.....#
#.....#
#..:..#
#.....###
#.......#
#..@b.#.#
#.h)..#.#
###.#.# #
#.#.# #.#.#
#.#.# #.# #.#


You could see a jackal and a bat.

Vanquished Creatures
  A kobold (D:1)
  A frilled lizard (D:1)
2 creatures vanquished.

Notes
Turn   | Place    | Note
-------+----------+-------------------------------------------
     0 | Abyss:1  | Bosse the Demonspawn Abyssal Knight began the quest for the
                  | Orb.
     0 | Abyss:1  | Reached XP level 1. HP: 18/18 MP: 2/2
     0 | D:1      | Escaped the Abyss
    72 | D:1      | Slain by a jackal

Illustrated notes

Levels and vault maps discovered:
D:1:      amcnicky_arrival_choice, layout_basic,
          shapermc_ecumenical_altar_mp_ritualfount

Action                   || total
-------------------------++-------
Melee: Mace              ||     7
Invok: Depart the Abyss  ||     1
Armor: Leather armour    ||     7
Dodge: Dodged            ||    10

Table legend: (Time is in decaauts)
 A = Elapsed time spent in this place.
 B = Non-inter-level travel time spent in this place.
 C = Inter-level travel time spent in this place.
 D = Time resting spent in this place.
 E = Time spent auto-exploring this place.
 F = Levels seen in this place.
 G = Mean time per level.
                   A        B        C        D        E       F      G
               +--------+--------+--------+--------+--------+-----+--------+
         Total |     73 |     73 |      0 |      0 |     56 |   2 |   36.5 |
       Dungeon |     73 |     73 |      0 |      0 |     56 |   1 |   73.0 |
         Abyss |      0 |      0 |      0 |      0 |      0 |   1 |    0.0 |
               +--------+--------+--------+--------+--------+-----+--------+

Top non-repeatable levels by time:
     D:1: 73 daAuts
